 Dungeon Crawl Stone Soup version 0.28.0 (webtiles) character file.

Game seed: 4313124792807916550

18 cbfl8 the Sneak (level 2, 0/27 HPs)
             Began as a Minotaur Delver on Feb 10, 2022.
             Was a Follower of Yredelemnul.
             Slain by a gnoll (6 damage)
             ... on level 4 of the Dungeon.
             The game lasted 00:00:50 (192 turns).

cbfl8 the Sneak (Minotaur Delver)                    Turns: 192, Time: 00:00:51

Health: 0/27       AC:  3    Str: 16    XL:     2   Next: 48%
Magic:  1/1        EV: 12    Int:  7    God:    Yredelemnul [*.....]
Gold:   12         SH:  0    Dex: 11    Spells: 1/1 levels left

rFire   . . .      SeeInvis .   a - +0 hand axe
rCold   . . .      Faith    .   (no shield)
rNeg    . . .      Spirit   .   b - +0 leather armour
rPois   .          Reflect  .   (helmet restricted)
rElec   .          Harm     .   (no cloak)
rCorr   .          Rampage  .   (no gloves)
Will    .....                   (no boots)
Stlth   ++........              (no amulet)
HPRegen 0.09/turn               (no ring)
MPRegen 0.07/turn               (no ring)

@: no status effects
A: horns 2, retaliatory headbutt
a: Renounce Religion, Recall Undead Harvest


You were on level 4 of the Dungeon.
You worshipped Yredelemnul.
Yredelemnul was noncommittal.
You visited 1 branch of the dungeon, and saw 2 of its levels.

You collected 12 gold pieces.

Inventory:

Hand Weapons
 a - a +0 hand axe (weapon)
Armour
 b - a +0 leather armour (worn)
Wands
 g - a wand of digging (3)
Scrolls
 c - a scroll of fog
 d - a scroll of magic mapping
 e - a scroll of fear
 h - a scroll of teleportation {unknown}
 i - a scroll of enchant armour {unknown}
Potions
 f - a potion of haste


   Skills:
 + Level 3.6 Fighting
 + Level 2.4 Axes
 + Level 2.3 Dodging
 + Level 4.6 Stealth


You had one spell level left.
You didn't know any spells.
Your spell library was empty.

Dungeon Overview and Level Annotations

Branches:
Dungeon (5/15)
 Temple: D:4-7

Altars:
Yredelemnul


Innate Abilities, Weirdness & Mutations

You have a pair of horns on your head.
You reflexively headbutt those who attack you in melee.


Message History

You swap places.
There is an open door here.
You swap places.
You swap places.
You swap places.
There is an open door here.
You open the door.
An orc comes into view. It is wielding a +0 club.
You hit the orc.
The orc is lightly wounded.
The orc barely misses you. The orc hits you but does no damage.
You hit the orc but do no damage. You headbutt the orc.
The orc is severely wounded.
Your kobold zombie misses the orc.
The orc barely misses you.
You hit the orc.
You kill the orc!
There is an open door here.
Things that are here:
a +0 club; a +0 ring mail You swap places.
There is an open door here.
Things that are here:
a +0 club; a +0 ring mail You swap places.
You swap places.
You open the door.
A gnoll comes into view. It is wielding a +0 halberd.
The gnoll shouts!
Found a helmet, 6 poisoned darts and a bubbling purple potion.
The gnoll hits you with a +0 halberd!
There is an open door, spattered with blood here.
You hit the gnoll. You headbutt the gnoll.
The gnoll is lightly wounded.
The gnoll hits you with a +0 halberd!
* * * LOW HITPOINT WARNING * * *
You hit the gnoll.
The gnoll is heavily wounded.
The gnoll hits you with a +0 halberd.
You die...
Your body rises from the dead as a mindless zombie.

.........Z...................
...###....#######....##....##
######..############## .##...
................. .# ##
.P...####.....#### #
.##+##..#''#..#!(# .#
#).'..#+##..# .+
#..#..#..#[g+ .#
####'##..##@# #......ZZZZ#
#....####..# #.##)# #.##
+..#.Z# #.+ #..#..# #.# #.
#### #.# .. #.. #. #..


You could see a gnoll (ally target), a friendly adder zombie, a friendly goblin
zombie, a friendly kobold zombie and a friendly orc zombie.

Vanquished Creatures
  An adder (D:4)
  2 orcs (D:4)
  A ball python (D:4)
  A goblin (D:4)
  A quokka (D:4)
  A kobold (D:4)
7 creatures vanquished.

Notes
Turn   | Place    | Note
-------+----------+-------------------------------------------
     0 | D:5      | cbfl8 the Minotaur Delver began the quest for the Orb.
     0 | D:5      | Reached XP level 1. HP: 19/19 MP: 0/0
     5 | D:5      | Became a worshipper of Yredelemnul the Dark
   109 | D:4      | Reached XP level 2. HP: 23/27 MP: 1/1
   115 | D:4      | Reached * piety under Yredelemnul
   192 | D:4      | Slain by a gnoll

Illustrated notes

Levels and vault maps discovered:
D:4:      corexii_shantytown, layout_basic, vehumet_altar_wand_db
D:5:      layout_loops_ring, makhleb_heckhound_becter,
          yredelemnul_altar_generic, serial_shops, shop, uniq_edmund

Action                   || total
-------------------------++-------
Melee: Hand axe          ||    16
       Headbutt          ||     3
 Stab: Sleeping          ||     2
Armor: Leather armour    ||     4
Dodge: Dodged            ||     9
